Map: Bridgehead LE (Void)

Players

Beastyqt - Winner!

  • Race: Terran Terran
  • League: Diamond

RayReign

  • Race: Protoss Protoss
  • League: Master

Event: ASL Season 5 Prime League LOTV Beta

VOD

Have the link to the VOD?

Description

Time

  • Played on: Sept. 4, 2015, 10:35 p.m.
  • Length: 14:40

All games in this series

Show
View Real Time Build Order
Export as new Build Order

Beastyqt Terran - Winner!

Build Orders: 1/1/1, Liberator Opening, MMM Bio 

Get SALT Encoding   

  12  0:01  SCV  
  13  0:13  SCV  
  14  0:17  Supply Depot  
  14  0:25  SCV  
  14  0:28  Refinery  
  15  0:39  SCV  
  16  0:44  Barracks  
  16  0:51  SCV  
  17  1:03  SCV  
  18  1:15  SCV  
  19  1:31  Marine, Orbital Command  
  20  1:34  Factory  
  20  1:46  Supply Depot  
  20  1:47  Refinery  
  20  1:49  Marine  
  21  1:58  SCV  
  22  2:09  Marine  
  22  2:11  SCV  
  24  2:23  SCV, Starport  
  25  2:30  Widow Mine  
  25  2:34  Marine  
  25  2:35  Supply Depot, SCV  
  29  2:41  Armory  
  29  2:48  SCV  
  30  2:53  Marine  
  30  2:57  Liberator  
  31  2:58  Widow Mine  
  31  3:00  SCV  
  34  3:12  SCV  
  36  3:22  Barracks Reactor  
  36  3:24  SCV  
  37  3:27  Widow Mine  
  39  3:40  Liberator  
  39  3:42  Command Center  
  39  3:48  Supply Depot, SCV  
  40  4:00  SCV  
  40  4:02  Marine x2  
  46  4:12  SCV  
  47  4:20  Marine x2  
  47  4:23  Liberator  
  46  4:26  SCV  
  47  4:36  Barracks  
  47  4:37  Barracks  
  47  4:38  Marine x2  
  49  4:39  SCV  
  53  4:51  Engineering Bay  
  53  4:57  SCV, Orbital Command  
  54  5:05  Marine x2  
  54  5:06  Liberator  
  56  5:10  SCV  
  57  5:22  SCV, Missile Turret x2  
  61  5:29  Marine x2  
  61  5:30  Barracks Tech Lab  
  61  5:31  Barracks Tech Lab  
  63  5:36  SCV  
  63  5:37  SCV  
  63  5:41  Supply Depot  
  65  5:48  SCV  
  65  5:49  Liberator  
  66  5:50  Stimpack  
  66  5:53  Combat Shields  
  66  5:54  Marauder, Marine  
  66  5:55  SCV  
  69  5:57  Marine  
  69  6:01  SCV  
  71  6:08  SCV  
  75  6:13  SCV  
  75  6:16  Marine x3  
  75  6:17  Supply Depot, Marine  
  80  6:25  Terran Infantry Weapons Level 1  
  80  6:27  Supply Depot  
  80  6:28  SCV  
  79  6:33  Supply Depot  
  79  6:34  SCV, Marine  
  79  6:37  Marine, Marauder x2  
  86  6:44  SCV  
  87  6:52  Marine  
  87  6:54  Liberator  
  88  6:57  SCV  
  88  6:58  Marine  
  88  6:59  SCV, Marauder x2  
  95  7:09  SCV  
  95  7:10  Supply Depot, Marine  
  95  7:11  SCV  
  101  7:16  Marine  
  101  7:19  Marine  
  101  7:21  SCV  
  104  7:25  Marauder  
  104  7:27  Marine  
  107  7:34  SCV x2, Marine  
  110  7:38  Marauder  
  110  7:44  Supply Depot  
  110  7:45  Marine  
  110  7:46  SCV x2  
  110  7:47  Marauder  
  115  7:52  Supply Depot  
  115  7:53  Medivac  
  117  7:58  SCV  
  117  7:59  SCV  
  117  8:03  Marauder  
  106  8:27  Marauder, Marine  
  106  8:28  Marauder  
  106  8:29  Medivac  
  106  8:32  SCV  
  106  8:33  Command Center, Barracks  
  113  8:34  Barracks  
  113  8:36  Marine  
  114  8:45  Marine  
  114  8:48  Marine x2  
  114  8:50  SCV  
  114  8:53  Marine  
  96  8:55  SCV  
  74  9:03  Marine  
  74  9:07  Marauder x2  
  66  9:10  Medivac  
  66  9:11  Marine  
  66  9:13  SCV  
  66  9:14  SCV  
  71  9:18  Refinery  
  71  9:19  Terran Infantry Armor Level 1, Refinery  
  71  9:20  Marine  
  71  9:22  Barracks Tech Lab  
  72  9:27  Marine  
  72  9:28  Marauder  
  72  9:29  Marine  
  75  9:39  Marine x2  
  75  9:42  Supply Depot  
  75  9:45  SCV  
  77  9:46  Marauder  
  77  9:47  Marine  
  77  9:48  SCV  
  81  9:54  Marauder x2  
  81  9:57  Marine  
  81  9:58  Supply Depot  
  86  10:08  Barracks Reactor, Starport  
  86  10:11  SCV x2, Widow Mine  
  90  10:23  SCV x2, Marauder x3, Marine  
  90  10:27  Sensor Tower  
  99  10:29  Terran Ship Weapons Level 1  
  99  10:31  Missile Turret  
  100  10:39  Marine  
  100  10:42  SCV  
  97  10:44  Marauder  
  97  10:47  Marine x2  
  97  10:48  Marauder x2  
  97  10:49  Marine  
  103  10:57  Marine  
  103  11:02  Ghost Academy  
  104  11:05  Marine x2  
  104  11:06  Marauder, Starport Reactor  
  104  11:07  Marine  
  104  11:08  Widow Mine  
  104  11:09  Marauder x2  
  115  11:17  SCV x2  
  117  11:26  Marine x2  
  117  11:29  SCV, Missile Turret  
  120  11:34  Planetary Fortress  
  120  11:38  Marine x3  
  120  11:39  Marine x2  
  125  11:47  Widow Mine  
  125  11:50  Marine x2  
  129  11:56  Marine  
  129  11:58  Terran Infantry Weapons Level 2, Marine x3  
  129  11:59  Marine  
  134  12:05  SCV, Refinery  
  134  12:07  Refinery  
  135  12:16  SCV x2  
  135  12:20  Factory Reactor  
  137  12:23  Marine, Marauder x2  
  137  12:24  Marauder  
  144  12:31  Marine x2  
  144  12:33  Factory  
  146  12:38  SCV x3  
  146  12:42  Medivac x2  
  153  12:45  Marine, Marauder  
  156  12:53  Marauder x2  
  157  13:02  Marine x2  
  157  13:03  Widow Mine x2  
  163  13:10  Marine  
  153  13:13  Medivac x2  
  153  13:17  Factory Tech Lab  
  157  13:20  Bunker  
  155  13:33  Ghost x2  
  157  13:40  Ghost  
  160  13:57  Marine  
  160  14:01  Marine x2  
  160  14:02  Ghost, Marine  
  166  14:06  Bunker  
Show
View Real Time Build Order
Export as new Build Order

RayReign Protoss 

Build Orders: Phoenix Opening 

Get SALT Encoding   

  12  0:00  Probe (Chrono Boost)  
  13  0:10  Probe (Chrono Boost)  
  14  0:20  Pylon  
  14  0:23  Probe (Chrono Boost)  
  15  0:38  Probe (Chrono Boost)  
  15  0:41  Gateway  
  16  0:48  Probe (Chrono Boost)  
  17  0:58  Probe (Chrono Boost)  
  17  0:59  Assimilator  
  17  1:01  Assimilator  
  18  1:08  Probe (Chrono Boost)  
  19  1:18  Probe (Chrono Boost)  
  19  1:25  Pylon  
  20  1:28  Probe (Chrono Boost)  
  21  1:34  Cybernetics Core  
  21  1:38  Probe (Chrono Boost)  
  22  1:48  Probe (Chrono Boost)  
  23  1:58  Probe (Chrono Boost)  
  24  2:12  Nexus  
  24  2:13  Warp Gate  
  24  2:14  Stargate  
  23  2:21  Mothership Core (Chrono Boost)  
  25  2:32  Pylon  
  25  2:33  Adept  
  27  2:39  Probe (Chrono Boost)  
  28  2:49  Probe (Chrono Boost)  
  29  2:57  Phoenix  
  31  2:59  Probe (Chrono Boost)  
  31  3:00  Adept  
  33  3:13  Probe (Chrono Boost)  
  34  3:22  Phoenix  
  34  3:23  Probe (Chrono Boost)  
  34  3:24  Probe (Chrono Boost)  
  38  3:33  Probe (Chrono Boost)  
  39  3:34  Probe (Chrono Boost)  
  39  3:44  Probe x2 (Chrono Boost)  
  39  3:47  Phoenix  
  43  3:54  Probe (Chrono Boost)  
  43  3:55  Pylon  
  44  3:57  Probe (Chrono Boost)  
  45  4:04  Probe (Chrono Boost)  
  45  4:07  Pylon  
  46  4:12  Phoenix  
  46  4:13  Probe (Chrono Boost)  
  46  4:14  Probe (Chrono Boost)  
  50  4:21  Robotics Facility  
  50  4:23  Probe (Chrono Boost)  
  51  4:28  Probe (Chrono Boost)  
  52  4:33  Probe (Chrono Boost), Assimilator  
  52  4:35  Assimilator  
  53  4:38  Probe (Chrono Boost)  
  53  4:43  Probe (Chrono Boost)  
  55  4:49  Forge  
  55  4:53  Adept  
  57  5:00  Probe x2 (Chrono Boost)  
  57  5:02  Phoenix  
  61  5:10  Pylon  
  61  5:12  Probe x2 (Chrono Boost)  
  63  5:15  Gateway  
  63  5:16  Gateway  
  63  5:27  Phoenix  
  65  5:29  Nexus  
  65  5:32  Probe x2 (Chrono Boost)  
  67  5:36  Protoss Ground Weapons Level 1 (Chrono Boost)  
  67  5:44  Observer  
  67  5:47  Twilight Council  
  67  5:48  Probe x2 (Chrono Boost)  
  70  5:58  Probe x2 (Chrono Boost)  
  70  5:59  Adept  
  74  6:05  Observer  
  74  6:07  Gateway  
  74  6:08  Gateway  
  74  6:09  Gateway  
  75  6:13  Gateway, Probe x2 (Chrono Boost)  
  77  6:28  Probe x2 (Chrono Boost)  
  76  6:32  Pylon  
  76  6:34  Pylon  
  76  6:37  Pylon  
  76  6:39  Pylon  
  74  6:42  Gateway, Phoenix  
  74  6:46  Gateway  
  72  6:51  Adept  
  72  6:52  Adept  
  72  6:54  Adept  
  78  7:02  Warp Prism  
  80  7:11  Pylon  
  80  7:14  Adept x2, Pylon  
  84  7:18  Adept  
  84  7:20  Phoenix  
  88  7:33  Shield Upgrade (Chrono Boost)  
  88  7:44  Sentry x4  
  88  7:45  Zealot x2  
  88  7:47  Immortal, Void Ray  
  108  7:59  Adept  
  108  8:03  Pylon  
  110  8:08  Adept  
  110  8:09  Adept x3  
  112  8:15  Adept  
  96  8:30  Stalker x4  
  96  8:31  Stalker x2  
  96  8:32  Void Ray  
  99  8:40  Adept  
  73  8:58  Adept  
  73  8:59  Adept  
  59  9:07  Adept  
  59  9:10  Adept  
  61  9:21  Adept  
  63  9:31  Probe x2  
  63  9:51  Probe x2  
  60  10:07  Probe x2 (Chrono Boost)  
  60  10:08  Protoss Ground Weapons Level 2  
  60  10:13  Immortal  
  66  10:17  Probe (Chrono Boost)  
  66  10:19  Templar Archives  
  61  10:44  Probe x2 (Chrono Boost)  
  57  10:54  Probe x2 (Chrono Boost)  
  59  11:00  Nexus  
  59  11:02  Void Ray  
  63  11:09  Zealot  
  65  11:11  Probe x2 (Chrono Boost)  
  67  11:26  Psionic Storm  
  67  11:30  High Templar x4  
  75  11:40  Probe x2 (Chrono Boost)  
  75  11:44  Void Ray (Chrono Boost)  
  81  11:57  Immortal (Chrono Boost)  
  85  12:06  Pylon  
  85  12:08  Probe  
  85  12:09  Pylon  
  85  12:11  Probe  
  87  12:20  Void Ray  
  87  12:22  High Templar  
  87  12:23  High Templar  
  95  12:32  Probe x2  
  95  12:33  Probe  
  95  12:56  Void Ray  
  76  13:10  Adept  
  76  13:12  Adept x2  
  80  13:32  Adept  
  82  13:54  Adept x3  
  76  14:15  Probe x2  
  73  14:18  Archon  
  54  14:31  Adept  
Tags
 
Add a new tag
Caveats
  • Supply blocks, unpowered buildings, or Contaminate may cause inaccurate times.
  • Supply counts are checked every 10 seconds.